[ AOE2 MATCH · #506906840 ]
UnrankedSicilians vs Britons
Player's team · LOSS
Rival team · WIN
[ REPLAY ANALYSIS · EXTRACTED FROM THE RECORDED GAME ]
Feudal
8:51
Castle
24:19
Imperial
—
| APM avg | 74.8 |
| APM peak | 116 |
| eAPM avg | 36.5 |
| Villagers / military | 102 / 49 |
Focus
⚔️ 49.8% · 🌾 50.2%
Skirmisher ×20 · Knight ×19 · Spearman ×8 · Archer ×1 · Scout Cavalry ×1
Feudal
9:17
Castle
22:26
Imperial
36:58
| APM avg | 69.4 |
| APM peak | 121 |
| eAPM avg | 32.8 |
| Villagers / military | 131 / 86 |
Focus
⚔️ 44.1% · 🌾 55.9%
Archer ×67 · Monk ×7 · Scout Cavalry ×6 · Militia ×3 · Spearman ×3
Match map
Initial resources + every placement click. Lines = walls · curves = elevation contours. ◆ gold · ⬟ stone · ● berries · ✦ relic · ◌ wall gap
Your base· Open — 3t gap
Jeffin's base· Open — unwalled flank
Smoothed initial terrain · ◌ = detected wall gap · hover for details
Inputs per minute
— GreatMaty - - Jeffin
Build order — GreatMaty
First 150 of 336 actions detected
| 0:01 | Create | Villager (Male) |
| 0:01 | Create | Villager (Male) |
| 0:01 | Create | Villager (Male) |
| 0:02 | Build | House |
| 0:03 | Build | House |
| 0:16 | Create | Villager (Male) |
| 1:23 | Create | Villager (Male) |
| 1:55 | Create | Villager (Male) |
| 2:14 | Build | Lumber Camp |
| 2:23 | Create | Villager (Male) |
| 2:23 | Create | Villager (Male) |
| 2:38 | Create | Villager (Male) |
| 2:53 | Create | Villager (Male) |
| 3:17 | Create | Villager (Male) |
| 3:52 | Build | House |
| 3:57 | Build | House |
| 4:08 | Create | Villager (Male) |
| 4:17 | Create | Villager (Male) |
| 4:17 | Create | Villager (Male) |
| 4:27 | Build | House |
| 4:53 | Create | Villager (Male) |
| 5:06 | Build | Mill |
| 5:39 | Create | Villager (Male) |
| 5:55 | Research | Loom |
| 6:41 | Research | Feudal Age |
| 6:56 | Build | Lumber Camp |
| 8:16 | Build | Barracks |
| 8:26 | Create | Villager (Male) |
| 8:29 | Build | Palisade Wall |
| 8:30 | Build | Palisade Wall |
| 8:32 | Build | Palisade Wall |
| 8:51 | Age | Feudal Age |
| 8:56 | Build | Palisade Wall |
| 8:57 | Build | Palisade Wall |
| 9:03 | Create | Villager (Male) |
| 9:08 | Build | Archery Range |
| 9:10 | Build | Palisade Wall |
| 9:15 | Build | House |
| 9:34 | Create | Villager (Male) |
| 9:38 | Research | Double-Bit Axe |
| 9:46 | Create | Spearman |
| 9:58 | Create | Archer |
| 10:01 | Create | Villager (Male) |
| 10:14 | Build | Palisade Wall |
| 10:15 | Build | Palisade Wall |
| 10:16 | Build | Palisade Wall |
| 10:20 | Create | Villager (Male) |
| 10:23 | Create | Skirmisher |
| 10:25 | Create | Villager (Male) |
| 10:34 | Build | Mining Camp |
| 10:55 | Create | Villager (Male) |
| 10:56 | Create | Villager (Male) |
| 10:57 | Build | House |
| 11:12 | Create | Villager (Male) |
| 11:21 | Create | Villager (Male) |
| 11:23 | Create | Skirmisher |
| 11:35 | Create | Villager (Male) |
| 11:37 | Build | Farm |
| 11:37 | Build | Farm |
| 11:37 | Build | Farm |
| 11:37 | Build | Farm |
| 11:38 | Build | Farm |
| 11:46 | Create | Skirmisher |
| 11:51 | Build | Palisade Wall |
| 11:53 | Build | Palisade Wall |
| 11:54 | Build | Palisade Wall |
| 12:09 | Build | Farm |
| 12:25 | Build | Mill |
| 12:37 | Build | Farm |
| 12:39 | Create | Villager (Male) |
| 12:39 | Create | Villager (Male) |
| 12:45 | Create | Villager (Male) |
| 12:47 | Build | Farm |
| 12:49 | Build | House |
| 12:50 | Build | Palisade Wall |
| 12:59 | Build | House |
| 13:10 | Create | Skirmisher |
| 13:27 | Build | House |
| 13:29 | Create | Villager (Male) |
| 13:34 | Create | Skirmisher |
| 13:36 | Build | Blacksmith |
| 13:51 | Create | Skirmisher |
| 13:51 | Create | Villager (Male) |
| 13:51 | Create | Villager (Male) |
| 13:58 | Create | Skirmisher |
| 14:13 | Build | Palisade Wall |
| 14:22 | Create | Villager (Male) |
| 14:54 | Create | Villager (Male) |
| 15:02 | Build | Farm |
| 15:03 | Build | Farm |
| 15:07 | Create | Villager (Male) |
| 15:32 | Create | Villager (Male) |
| 15:42 | Create | Skirmisher |
| 15:52 | Create | Villager (Male) |
| 15:57 | Build | Farm |
| 15:58 | Build | Farm |
| 16:12 | Build | Farm |
| 16:14 | Research | Horse Collar |
| 16:17 | Build | House |
| 16:20 | Build | Palisade Wall |
| 16:21 | Build | Palisade Wall |
| 16:22 | Build | Palisade Wall |
| 16:22 | Build | Palisade Wall |
| 16:26 | Build | House |
| 16:28 | Build | Palisade Wall |
| 16:32 | Create | Villager (Male) |
| 16:39 | Build | House |
| 16:41 | Build | Palisade Wall |
| 16:41 | Build | Palisade Wall |
| 16:49 | Create | Spearman |
| 16:50 | Create | Villager (Male) |
| 16:53 | Build | Palisade Wall |
| 16:56 | Create | Villager (Male) |
| 17:10 | Build | House |
| 17:13 | Build | Farm |
| 17:13 | Build | Farm |
| 17:13 | Build | Farm |
| 17:23 | Create | Spearman |
| 17:26 | Build | Palisade Wall |
| 17:28 | Build | Palisade Wall |
| 17:30 | Build | Palisade Wall |
| 17:31 | Build | Palisade Wall |
| 17:41 | Create | Villager (Male) |
| 17:45 | Create | Villager (Male) |
| 17:55 | Build | Farm |
| 17:58 | Build | Farm |
| 18:11 | Create | Skirmisher |
| 18:15 | Create | Spearman |
| 18:22 | Build | House |
| 18:23 | Build | House |
| 18:25 | Build | Farm |
| 18:28 | Build | Lumber Camp |
| 18:36 | Create | Villager (Male) |
| 18:43 | Create | Skirmisher |
| 19:08 | Create | Villager (Male) |
| 19:10 | Create | Villager (Male) |
| 19:12 | Build | Farm |
| 19:13 | Create | Skirmisher |
| 19:13 | Research | Town Watch |
| 19:20 | Research | Fletching |
| 19:31 | Create | Villager (Male) |
| 19:42 | Create | Spearman |
| 19:43 | Create | Villager (Male) |
| 19:51 | Build | House |
| 19:56 | Build | Market |
| 19:57 | Create | Villager (Male) |
| 20:06 | Create | Spearman |
| 20:09 | Build | House |
| 20:12 | Create | Spearman |
| 20:28 | Create | Spearman |
Build order — Jeffin
First 150 of 375 actions detected
| 0:01 | Create | Villager (Male) ×4 |
| 0:01 | Create | Villager (Male) ×4 |
| 0:02 | Build | House |
| 0:03 | Build | House |
| 1:20 | Create | Villager (Male) |
| 1:43 | Create | Villager (Male) |
| 1:58 | Build | Lumber Camp |
| 2:04 | Create | Villager (Male) |
| 2:04 | Create | Villager (Male) |
| 2:39 | Create | Villager (Male) |
| 2:46 | Create | Villager (Male) |
| 2:46 | Create | Villager (Male) |
| 3:17 | Create | Villager (Male) |
| 3:42 | Create | Villager (Male) |
| 3:52 | Build | House |
| 3:55 | Create | Villager (Male) |
| 4:18 | Build | House |
| 4:33 | Create | Villager (Male) |
| 4:49 | Create | Villager (Male) |
| 4:50 | Create | Villager (Male) |
| 5:14 | Build | Mill |
| 6:17 | Create | Villager (Male) |
| 6:20 | Research | Loom |
| 6:48 | Build | Barracks |
| 6:55 | Research | Feudal Age |
| 7:56 | Create | Militia |
| 7:56 | Create | Militia |
| 8:02 | Build | Mining Camp |
| 8:17 | Create | Villager (Male) |
| 8:23 | Build | House |
| 8:34 | Create | Militia |
| 9:01 | Create | Villager (Male) |
| 9:08 | Build | House |
| 9:17 | Age | Feudal Age |
| 9:19 | Research | Man-at-Arms (upgrade) |
| 9:21 | Research | Double-Bit Axe |
| 9:51 | Build | Archery Range |
| 10:04 | Create | Villager (Male) |
| 10:10 | Build | Farm |
| 10:19 | Create | Villager (Male) |
| 10:34 | Create | Archer |
| 10:39 | Build | Mill |
| 10:49 | Create | Villager (Male) |
| 11:19 | Create | Villager (Male) |
| 11:20 | Create | Archer |
| 11:37 | Create | Archer |
| 12:03 | Create | Villager (Male) |
| 12:04 | Create | Archer |
| 12:05 | Create | Villager (Male) |
| 12:06 | Build | Farm |
| 12:07 | Build | Farm |
| 12:19 | Build | Farm |
| 12:20 | Build | Farm |
| 12:22 | Build | House |
| 12:43 | Create | Villager (Male) |
| 12:43 | Create | Villager (Male) |
| 12:45 | Build | Farm |
| 12:46 | Build | Farm |
| 12:47 | Build | Farm |
| 13:01 | Create | Villager (Male) |
| 13:01 | Create | Villager (Male) |
| 13:24 | Create | Villager (Male) |
| 13:34 | Build | Farm |
| 13:36 | Build | Farm |
| 13:37 | Build | House |
| 13:44 | Build | Stable |
| 14:06 | Create | Villager (Male) |
| 14:06 | Create | Archer |
| 14:09 | Build | Farm |
| 14:38 | Create | Villager (Male) |
| 14:42 | Create | Scout Cavalry |
| 14:43 | Create | Scout Cavalry |
| 14:44 | Build | House |
| 14:44 | Create | Villager (Male) |
| 15:13 | Create | Villager (Male) |
| 15:14 | Create | Scout Cavalry |
| 15:15 | Create | Villager (Male) |
| 15:33 | Build | Blacksmith |
| 15:46 | Create | Archer |
| 15:48 | Create | Villager (Male) |
| 15:53 | Build | Lumber Camp |
| 15:55 | Build | Farm |
| 15:59 | Create | Archer |
| 16:12 | Build | Farm |
| 16:20 | Build | House |
| 16:24 | Create | Scout Cavalry |
| 16:33 | Build | Farm |
| 16:41 | Create | Archer |
| 16:42 | Research | Fletching |
| 16:44 | Create | Villager (Male) |
| 16:44 | Create | Villager (Male) |
| 17:01 | Build | House |
| 17:09 | Build | Farm |
| 17:11 | Build | Farm |
| 17:19 | Create | Archer |
| 17:25 | Create | Villager (Male) |
| 17:41 | Build | House |
| 17:44 | Create | Archer |
| 17:51 | Create | Scout Cavalry |
| 17:52 | Create | Archer |
| 17:58 | Create | Villager (Male) |
| 18:14 | Create | Villager (Male) |
| 18:21 | Build | House |
| 18:30 | Build | Farm |
| 18:31 | Build | Farm |
| 18:40 | Create | Scout Cavalry |
| 18:41 | Create | Archer |
| 19:15 | Create | Villager (Male) |
| 19:26 | Create | Villager (Male) |
| 19:46 | Research | Castle Age |
| 19:50 | Build | Archery Range |
| 20:13 | Research | Horse Collar |
| 20:17 | Build | Lumber Camp |
| 20:32 | Create | Archer |
| 20:33 | Create | Archer |
| 20:37 | Research | Gold Mining |
| 20:40 | Build | House |
| 20:45 | Create | Archer |
| 21:04 | Create | Villager (Male) |
| 21:09 | Create | Archer |
| 21:12 | Build | Mining Camp |
| 21:25 | Create | Archer |
| 21:30 | Create | Archer |
| 21:42 | Create | Archer |
| 22:01 | Create | Archer |
| 22:08 | Build | Farm |
| 22:09 | Build | Farm |
| 22:12 | Build | Farm |
| 22:13 | Build | Farm |
| 22:26 | Age | Castle Age |
| 22:36 | Research | Crossbowman (upgrade) |
| 22:36 | Research | Crossbowman (upgrade) |
| 22:36 | Research | Bodkin Arrow |
| 22:38 | Create | Villager (Male) |
| 22:40 | Create | Villager (Male) |
| 22:51 | Build | Monastery |
| 22:56 | Create | Villager (Male) |
| 23:04 | Create | Archer |
| 23:06 | Create | Archer |
| 23:28 | Create | Villager (Male) |
| 23:43 | Create | Monk |
| 23:46 | Create | Archer |
| 23:46 | Create | Archer |
| 23:47 | Research | Bow Saw |
| 23:54 | Create | Archer |
| 23:56 | Create | Archer |
| 24:01 | Create | Archer |
| 24:12 | Create | Villager (Male) |
| 24:18 | Build | Town Center |
| 24:22 | Create | Monk |
Match timeline
| 6:48 | Jeffin · first_building Barracks |
| 8:16 | GreatMaty · first_building Barracks |
| 8:29 | GreatMaty · wall_segment Palisade Wall x1 |
| 8:30 | GreatMaty · wall_segment Palisade Wall x1 |
| 8:32 | GreatMaty · wall_segment Palisade Wall x1 |
| 8:51 | GreatMaty · age_up feudal |
| 8:56 | GreatMaty · wall_segment Palisade Wall x1 |
| 8:57 | GreatMaty · wall_segment Palisade Wall x1 |
| 9:08 | GreatMaty · first_building Archery Range |
| 9:10 | GreatMaty · wall_segment Palisade Wall x1 |
| 9:17 | Jeffin · age_up feudal |
| 9:51 | Jeffin · first_building Archery Range |
| 10:14 | GreatMaty · wall_segment Palisade Wall x1 |
| 10:15 | GreatMaty · wall_segment Palisade Wall x1 |
| 10:16 | GreatMaty · wall_segment Palisade Wall x1 |
| 11:51 | GreatMaty · wall_segment Palisade Wall x1 |
| 11:53 | GreatMaty · wall_segment Palisade Wall x1 |
| 11:54 | GreatMaty · wall_segment Palisade Wall x1 |
| 12:50 | GreatMaty · wall_segment Palisade Wall x8 |
| 13:44 | Jeffin · first_building Stable |
| 14:13 | GreatMaty · wall_segment Palisade Wall x1 |
| 16:20 | GreatMaty · wall_segment Palisade Wall x17 |
| 16:21 | GreatMaty · wall_segment Palisade Wall x3 |
| 16:22 | GreatMaty · wall_segment Palisade Wall x1 |
| 16:22 | GreatMaty · wall_segment Palisade Wall x1 |
| 16:28 | GreatMaty · wall_segment Palisade Wall x3 |
| 16:41 | GreatMaty · wall_segment Palisade Wall x13 |
| 16:41 | GreatMaty · wall_segment Palisade Wall x1 |
| 16:53 | GreatMaty · wall_segment Palisade Wall x4 |
| 17:26 | GreatMaty · wall_segment Palisade Wall x1 |
| 17:28 | GreatMaty · wall_segment Palisade Wall x1 |
| 17:30 | GreatMaty · wall_segment Palisade Wall x1 |
| 17:31 | GreatMaty · wall_segment Palisade Wall x1 |
| 20:48 | GreatMaty · first_market_sell 500 wood |
| 20:49 | GreatMaty · first_market_buy 500 food |
| 22:10 | GreatMaty · first_building Stable |
| 22:26 | Jeffin · age_up castle |
| 22:51 | Jeffin · first_building Monastery |
| 24:19 | GreatMaty · age_up castle |
| 27:47 | Jeffin · wall_segment Palisade Wall x1 |
| 29:16 | Jeffin · wall_segment Palisade Wall x3 |
| 31:26 | Jeffin · first_market_buy 100 stone |
| 31:31 | Jeffin · first_building Castle |
| 31:44 | Jeffin · wall_segment Stone Wall x6 |
| 31:46 | Jeffin · wall_segment Stone Wall x2 |
| 33:25 | Jeffin · first_market_sell 100 wood |
| 34:47 | GreatMaty · first_building Monastery |
| 36:12 | GreatMaty · wall_segment Stone Wall x5 |
| 36:58 | Jeffin · age_up imperial |
| 37:03 | GreatMaty · resign |
[ AI ANALYSIS · 1 CREDIT ]
What really happened in this match?
Wolo.gg analyzes every decision: build order, eco, micro, common mistakes by bracket. Personalized analysis on WhatsApp or Discord in 30 seconds.
Civ guide
Sicilians
Perfil
Jugador #9082593